 Dungeon Crawl Stone Soup version 0.21-a0-509-gecc5317 (webtiles) character file.

55 tof the Skirmisher (level 3, -2/29 HPs)
             Began as a Demonspawn Monk on Nov 29, 2017.
             Slain by Terence
             ... wielding a +2 flail of protection
              (4 damage)
             ... on level 2 of the Dungeon.
             The game lasted 00:02:34 (2110 turns).

tof the Skirmisher (Demonspawn Monk)                Turns: 2110, Time: 00:02:34

Health: -2/29      AC:  5    Str: 11    XL:     3   Next: 67%
Magic:  3/3        EV: 13    Int: 11    God:
Gold:   177        SH:  0    Dex: 16    Spells: 2/2 levels left

rFire    . . .     SeeInvis .   a - +0 falchion
rCold    . . .     Gourm    .   (no shield)
rNeg     + . .     Faith    .   d - +0 ring mail
rPois    .         Spirit   .   (no helmet)
rElec    .         Reflect  .   (no cloak)
rCorr    .         Harm     .   (no gloves)
MR       .....                  (no boots)
Stlth    +++.......             (no amulet)
HPRegen  0.09/turn              h - ring of stealth
MPRegen  0.08/turn              l - ring of positive energy

@: no status effects
A: repulsion field 1, powered by pain 1
a: no special abilities


You were on level 2 of the Dungeon.
You were not hungry.

You visited 1 branch of the dungeon, and saw 2 of its levels.

You collected 177 gold pieces.

Inventory:

Hand Weapons
 a - a +0 falchion (weapon)
Armour
 b - a +0 robe
 c - a +0 pair of boots
 d - a +0 ring mail (worn)
Jewellery
 h - a ring of stealth (left hand)
 l - a ring of positive energy (right hand)
Scrolls
 e - a scroll of enchant weapon
 m - 2 scrolls of random uselessness
 n - 2 scrolls of teleportation
Comestibles
 g - 2 meat rations
 k - a royal jelly


   Skills:
 + Level 3.4 Fighting
 * Level 3.4 Long Blades
 + Level 3.0 Dodging
 + Level 2.3 Stealth


You had 2 spell levels left.
You didn't know any spells.

Dungeon Overview and Level Annotations

Branches:
Dungeon (2/15)

Altars:

Annotations:
D:2 Terence


Innate Abilities, Weirdness & Mutations

You are surrounded by a mild repulsion field. (EV +2)
You sometimes gain a little power by taking damage.


Message History

Terence hits you with a flail of protection.
* * * LOW HITPOINT WARNING * * *
You barely miss Terence.
Terence is heavily wounded.
Terence misses you.
You hit Terence but do no damage.
Terence is heavily wounded.
Terence barely misses you.
You hit Terence but do no damage.
Terence is heavily wounded.
Terence barely misses you.
You riposte.
You hit Terence but do no damage.
Terence is heavily wounded.
You hit Terence but do no damage.
Terence is heavily wounded.
Terence hits you with a flail of protection.
* * * LOW HITPOINT WARNING * * *
You hit Terence but do no damage.
Terence is heavily wounded.
Terence hits you with a flail of protection.
You die...

#.#.##########...#
#.#.# #...# #.#.#
#...# #.#.# #...#
#.#.#### #####
#.#....# #.####.#
#.# #.# #.# #@#
#.# #@# #.# #.#
#.####.######
#...##......#
###.##......#
#.##........
#.##......#.
#.#########


You could see Terence.

Vanquished Creatures
  A howler monkey skeleton (D:2)
  An adder (D:2)
  2 leopard geckos
  5 bats
  2 giant cockroaches (D:1)
  3 goblins (D:1)
  6 hobgoblins
  3 jackals (D:1)
  2 kobolds
  A quokka (D:2)
  2 frilled lizards (D:1)
  2 rats (D:1)
30 creatures vanquished.

Notes
Turn   | Place    | Note
-------+----------+-------------------------------------------
     0 | D:1      | tof the Demonspawn Monk began the quest for the Orb.
     0 | D:1      | Reached XP level 1. HP: 18/18 MP: 1/1
   124 | D:1      | Gained mutation: You are surrounded by a mild repulsion field. (EV +2) [demonic ancestry]
   124 | D:1      | Reached XP level 2. HP: 12/24 MP: 2/2
  1171 | D:2      | Gained mutation: You sometimes gain a little power by taking damage. [demonic ancestry]
  1171 | D:2      | Reached XP level 3. HP: 27/29 MP: 3/3
  1276 | D:2      | HP: 1/29 [poisoned by an adder]
  1282 | D:2      | HP: 1/29 [poisoned by an adder]
  1944 | D:2      | Noticed Terence
  2110 | D:2      | Slain by Terence

Vault maps used:
D:1:      minmay_arrival_shattered_statue, minmay_misc_feat_tower
D:2:      kennysheep_generic_room_6, uniq_terence

Skill      XL: |  1  2  3 |
---------------+----------+-----
Stealth        | 2 |  2.3
Long Blades    | 3 |  3.4
Dodging        | 3 |  3.0
Fighting       | |  3.4

Action                   || total
-------------------------++-------
Melee: Falchion          ||   143
  Use: Scroll            ||     4
       Potion            ||     2
 Stab: Sleeping          ||     9
  Eat: Chunk             ||     2
       Bread ration      ||     1
Armor: Robe              ||    17
       Ring mail         ||     2
Dodge: Dodged            ||    97
       Rpst.: Falchion   ||    28

Table legend:
 A = Spawn XP
 B = Non-spawn XP
 C = Spawn XP percentage of total XP
 D = Spawn monster count
 E = Non-spawn monster count
 F = Spawn count percentage of total count
 G = Total turns spent on level
                    A         B        C        D         E        F      G
               +---------+---------+-------+---------+---------+-------+---------
         Total |       0 |      79 |   0.0 |       0 |      30 |   0.0 |  2110
               +---------+---------+-------+---------+---------+-------+---------
           D:1 |       0 |      36 |   0.0 |       0 |      20 |   0.0 |   776
           D:2 |       0 |      43 |   0.0 |       0 |      10 |   0.0 |  1334
               +---------+---------+-------+---------+---------+-------+---------
